 Dungeon Crawl Stone Soup version 0.29-a0-598-gd8304a5bf4 (console) character file.

Game seed: 2805875788232507753

36 om the Grasshopper (level 3, -3/33 (35) HPs)
             Began as a Troll Warper on June 15, 2022.
             Slain by Robin
             ... wielding a +0 mace
              (6 damage)
             ... on level 2 of the Dungeon.
             The game lasted 00:02:24 (1044 turns).

om the Grasshopper (Troll Warper)                   Turns: 1044, Time: 00:02:25

HP:   -3/33 (35)    AC:  4    Str: 19    XL:     3   Next: 19%
MP:   4/4           EV: 10    Int: 11    God:
Gold: 81            SH:  0    Dex:  9    Spells: 5/5 levels left

rFire   . . .      SeeInvis .   a - +0 mace
rCold   . . .      Faith    .   (no shield)
rNeg    . . .      Spirit   .   b - +0 robe
rPois   .          Reflect  .   (helmet restricted)
rElec   .          Harm     .   (no cloak)
rCorr   .          Rampage  .   (gloves unavailable)
Will    .....                   (boots unavailable)
Stlth   +.........              (no amulet)
HPRegen 0.91/turn               (no ring)
MPRegen 0.09/turn               (no ring)

@: brilliant, lethally poisoned (-3 -> -9), drained
A: large, unfitting armour, claws 3, regeneration 1, shaggy fur 1, tough skin 1
a: no special abilities


You were on level 2 of the Dungeon.
You visited 1 branch of the dungeon, and saw 2 of its levels.

You collected 81 gold pieces.

Inventory:

Hand Weapons
 a - a +0 mace (weapon)
Missiles
 d - 7 boomerangs of dispersal (quivered)
Armour
 b - a +0 robe (worn)
Scrolls
 c - a scroll of blinking


   Skills:
 * Level 2.0 Fighting
 * Level 2.1 Maces & Flails
 - Level 0.8 Throwing
 * Level 2.2 Dodging
 * Level 1.5 Spellcasting
 + Level 2.3 Translocations


You had 5 spell levels left.
You didn't know any spells.
Your spell library contained the following spells:

 Spells                   Type           Power      Damage    Failure   Level
 Blink                    Tloc           16%        N/A       19%         2
 Gell's Gravitas          Tloc           8%         N/A       34%         3
 Lesser Beckoning         Tloc           8%         N/A       34%         3
 Teleport Other           Tloc           8%         N/A       34%         3
 Manifold Assault         Tloc           8%         N/A       97%         5


Dungeon Overview and Level Annotations

Branches:
Dungeon (2/15)

Altars:

Annotations:
D:2 Robin


Innate Abilities, Weirdness & Mutations

You are too large for most types of armour.
You have claws for hands.
Your natural rate of healing is unusually fast.
You are covered in fur. (AC +1)
You have tough skin. (AC +1)


Message History

f - 2 potions of mutation You drop 2 potions of mutation.
Things that are here:
4 stones; a +0 short sword
Found a dagger.
You now have 81 gold pieces (gained 15).
Robin of the Strong Arm comes into view.
They are wielding a +0 mace.
You closely miss Robin. Robin hits you with a +0 mace.
The hobgoblin shouts!
You hit Robin.
Robin is moderately wounded.
You hear a shout!
A goblin comes into view. It is wielding a +0 club.
A goblin comes into view. It is wielding a +2 dagger of venom.
Robin roars a battlecry!
The goblins go into a battle-frenzy!
The goblin shouts!
You closely miss Robin.
Robin is moderately wounded.
Robin hits you but does no damage. Robin hits you with a +0 mace.
You hit Robin.
Robin is heavily wounded.
Robin hits you with a +0 mace!
You hit Robin but do no damage.
Robin is heavily wounded.
Robin hits you with a +0 mace.
You completely miss Robin.
Robin is heavily wounded.
Robin completely misses you.
You barely miss Robin.
Robin is heavily wounded.
The hobgoblin barely misses you. Robin hits you with a +0 mace.
The hobgoblin hits you. The goblin closely misses you.
Robin hits you with a +0 mace!
* * * LOW HITPOINT WARNING * * *
It was a potion of brilliance.
You feel clever all of a sudden.
The goblin hits you with a +2 dagger of venom.
* * * LOW HITPOINT WARNING * * *
You are lethally poisoned!
Robin hits you with a +0 mace.
You die...

######
#....########
#....#..)...#
#....#......#
#....#......#
###....#......#
####...)..#g.....#
#..>...(...g@....#
#.#...<####gg#####
#.#..#.#####....
#.#...............
#)#..#.#####..##.#
#####g#..#........#
# #.....#....###
##.. #..#..#.##.#
#.# g.....#....#
.......##..#
#####.....[#


You could see Robin, a hobgoblin (strong) and 2 goblins.

Vanquished Creatures
  3 ball pythons (D:1)
  2 endoplasms (D:1)
  2 giant cockroaches (D:1)
  10 goblins
  4 hobgoblins
  5 kobolds
  A frilled lizard (D:1)
  2 rats (D:1)
29 creatures vanquished.

Notes
Turn   | Place    | Note
-------+----------+-------------------------------------------
     0 | D:1      | om the Troll Warper began the quest for the Orb.
     0 | D:1      | Reached XP level 1. HP: 19/19 MP: 1/1
   201 | D:1      | Reached XP level 2. HP: 28/28 MP: 3/3
   884 | D:2      | Reached XP level 3. HP: 35/35 MP: 4/4
  1033 | D:2      | Noticed Robin
  1044 | D:2      | Slain by Robin

Illustrated notes

Levels and vault maps discovered:
D:1:      dpeg_arrival_snail, layout_loops_corners
D:2:      layout_basic, chequers_ecumenical_altar_island,
          mrwooster_statue_mirror, uniq_jessica, uniq_robin, uniq_sigmund

Skill      XL: |  1  2 |
---------------+-------+-----
Dodging        | 2 |  2.2
Maces & Flails | 2 |  2.1
Fighting       | 2 |  2.0
Throwing       | |  0.8
Spellcasting   | |  1.5
Translocations | |  2.3

Action                   || total
-------------------------++-------
Melee: Mace              ||   104
  Use: Scroll            ||     3
       Potion            ||     1
Armor: Robe              ||    46
Dodge: Dodged            ||    56

Table legend: (Time is in decaauts)
 A = Elapsed time spent in this place.
 B = Non-inter-level travel time spent in this place.
 C = Inter-level travel time spent in this place.
 D = Time resting spent in this place.
 E = Time spent auto-exploring this place.
 F = Levels seen in this place.
 G = Mean time per level.
                   A        B        C        D        E       F      G
               +--------+--------+--------+--------+--------+-----+--------+
         Total |   1076 |   1074 |      2 |    102 |    685 |   2 |  538.0 |
       Dungeon |   1076 |   1074 |      2 |    102 |    685 |   2 |  538.0 |
               +--------+--------+--------+--------+--------+-----+--------+

Top non-repeatable levels by time:
     D:1: 974 daAuts
     D:2: 101 daAuts
